 Dungeon Crawl Stone Soup version 0.26-a0-812-g31a745ddcd (webtiles) character file.

Game seed: 10570495289412388632

577 HoaS the Cudgeller (level 7, 0/41 HPs)
             Began as a Gargoyle Fighter on Dec 6, 2020.
             Killed from afar by an orc wizard (11 damage)
             ... with a puff of flame
             ... on level 4 of the Dungeon.
             The game lasted 00:07:37 (2651 turns).

HoaS the Cudgeller (Gargoyle Fighter)               Turns: 2651, Time: 00:07:37

Health: 0/41       AC: 15    Str: 22    XL:     7   Next: 35%
Magic:  7/7        EV:  6    Int:  8    God:
Gold:   187        SH: 16    Dex:  9    Spells: 6/6 levels left

rFire    . . .     SeeInvis .   a - +1 flail
rCold    . . .     Faith    .   c - +1 kite shield
rNeg     + . .     Spirit   .   n - +0 chain mail
rPois    ∞         Reflect  +   (no helmet)
rElec    +         Harm     .   (no cloak)
rCorr    +         Rampage  .   s - +0 pair of gloves
MR       .....                  (no boots)
Stlth    ..........             g - amulet of reflection
HPRegen  0.13/turn              b - ring of resist corrosion
MPRegen  0.10/turn              (no ring)

@: no status effects
A: negative energy resistance 1, electricity resistance, unbreathing,
petrification resistance, rot immunity, AC +4
a: no special abilities


You were on level 4 of the Dungeon.
You visited 1 branch of the dungeon, and saw 4 of its levels.

You collected 187 gold pieces.

Inventory:

Hand Weapons
 a - a +1 flail (weapon)
Armour
 c - a +1 kite shield (worn)
 n - a +0 chain mail (worn)
 s - a +0 pair of gloves (worn)
Jewellery
 b - a ring of resist corrosion (left hand)
 g - an amulet of reflection (around neck)
Scrolls
 f - 2 scrolls of enchant armour
 k - a scroll of remove curse
 m - 2 scrolls of blinking
 o - a scroll of identify
 p - a scroll of teleportation
Potions
 d - 2 potions of might
 e - a potion of heal wounds {unknown}
 h - 2 potions of curing
 i - a potion of degeneration {unknown}
 j - a potion of mutation {unknown}
 l - 2 potions of lignification
 q - a potion of berserk rage {unknown}


   Skills:
 - Level 3.2 Fighting
 * Level 6.5 Maces & Flails
 - Level 3.2 Armour
 + Level 5.8 Shields


You had 6 spell levels left.
You didn't know any spells.
Your spell library was empty.

Dungeon Overview and Level Annotations

Branches:
Dungeon (4/15)
 Temple: D:4-7

Altars:
Ashenzari
Elyvilon
Okawaru
Uskayaw
Yredelemnul
The Shining One

Annotations:
D:3 3 runed translucent doors, Bliebski's ghost, amateur OpTm
D:4 1 transporter


Innate Abilities, Weirdness & Mutations

You are resistant to torment.
Your stone body is resilient. (AC +4)
You are immune to poison.
You resist negative energy. (rN+)
You are resistant to electric shocks. (rElec)
You can survive without breathing.
You are immune to petrification.
You are immune to rotting.


Message History

You barely miss something.
Something hits you but does no damage. x2
You barely miss something. Something hits you but does no damage.
You closely miss something.
You hear some strange, mumbled words.
There is a strange disturbance nearby!
You are too injured to fight recklessly!
You are too injured to fight recklessly!
You closely miss something.
An orc wizard appears from thin air!
Reactivating autopickup.
You block the orc wizard's attack. The orc wizard barely misses you.
You closely miss the orc wizard.
The orc wizard is almost dead.
The orc wizard gestures at you while chanting.
The magic dart hits you!
You closely miss the orc wizard.
The orc wizard is almost dead.
You block the orc wizard's attack.
The orc wizard gestures at you while chanting.
The puff of flame hits you!
You die...

**,***#..,,,****,**,#.##.........
*,****...,,,,,,,**,#.##.#o......
*,,,,*##.#********,#.##.#<#'####
****,##...#*,,,,,,,#.##.###.#
**#.....#########........#
***.......#..#..........######
*,,..._..[...#.##.......+.....
*,*......o##o#)##.#####..#####
*,*#.....#*#.@.##.#(..#.###...
*,,##...#* ######.#...#.# #.##
**,,##.#* #.#####.# #.# **,...*
#.......# #.# *###** #..._...#
#.# ##.....## #.# #.#..## #.#
#...######.# ###........#


You could see an orc wizard (fast).

Vanquished Creatures
  Sigmund (D:3)
  An orc priest (D:4)
  5 orc wizards (D:4)
  A worker ant (D:4)
  11 adders
  A white imp (D:4)
  An ooze (D:2)
  An adder skeleton (D:4)
  2 dart slugs
  2 leopard geckos
  17 orcs
  10 bats
  6 giant cockroaches
  3 goblins
  6 hobgoblins
  12 jackals
  6 kobolds
  2 ball pythons
  5 frilled lizards
  6 rats
99 creatures vanquished.

Vanquished Creatures (others)
  An orc (D:4)
1 creature vanquished.

Grand Total: 100 creatures vanquished

Notes
Turn   | Place    | Note
-------+----------+-------------------------------------------
     0 | D:1      | HoaS the Gargoyle Fighter began the quest for the Orb.
     0 | D:1      | Reached XP level 1. HP: 14/14 MP: 1/1
   134 | D:1      | Reached XP level 2. HP: 19/19 MP: 2/2
   412 | D:1      | Reached skill level 3 in Maces & Flails
   436 | D:1      | Reached XP level 3. HP: 23/23 MP: 3/3
   574 | D:2      | Found an iron altar of Okawaru.
   736 | D:2      | Reached XP level 4. HP: 21/28 MP: 4/4
   778 | D:2      | Reached skill level 4 in Maces & Flails
  1022 | D:3      | Noticed Sigmund
  1037 | D:3      | Killed Sigmund
  1037 | D:3      | Reached skill level 5 in Maces & Flails
  1037 | D:3      | Reached skill level 5 in Shields
  1037 | D:3      | Reached XP level 5. HP: 15/32 MP: 5/5
  1037 | D:3      | Reached XP level 6. HP: 17/37 MP: 6/6
  1200 | D:3      | Found a runed translucent gate.
  1201 | D:3      | Found a runed translucent gate.
  1202 | D:3      | Found a runed translucent gate.
  1447 | D:3      | Noticed Bliebski's ghost (amateur OpTm)
  1697 | D:3      | Found a broken altar of Ashenzari.
  2057 | D:4      | Reached skill level 6 in Maces & Flails
  2072 | D:4      | Reached XP level 7. HP: 36/41 MP: 7/7
  2090 | D:4      | Found a white marble altar of Elyvilon.
  2136 | D:4      | Found a transporter.
  2236 | D:4      | Found a glowing golden altar of the Shining One.
  2572 | D:4      | Found a hide-covered altar of Uskayaw.
  2572 | D:4      | Noticed a -3 dagger
  2573 | D:4      | Noticed a +0 dagger
  2598 | D:4      | Found a basalt altar of Yredelemnul.
  2651 | D:4      | Killed from afar by an orc wizard

Illustrated notes

Levels and vault maps discovered:
D:1:      dpeg_arrival_rhombi, layout_loops_ring
D:2:      layout_basic, nicolae_overflow_crystal_walls,
          gammafunk_temple_overflow_forgotten, grunt_ministairs_3,
          minmay_fractal_squares_5
D:3:      layout_basic, lemuel_coloured_pillars_altar, gammafunk_ghost_icy,
          uniq_sigmund
D:4:      gammafunk_cloud_chamber, layout_basic, lemuel_round_altar,
          overflow_temple_1_default, dancing_weapons_uskayaw,
          nicolae_tso_carved_into_rock, minivault_24

Skill      XL: |  1  2  3  4  5  6 |
---------------+-------------------+-----
Maces & Flails | 3 5 6 |  6.5
Shields        | 4 5 |  5.8
Fighting       | |  3.2
Armour         | |  3.2

Action                   |  1- 3 |  4- 6 |  7- 9 || total
-------------------------+-------+-------+-------++-------
Melee: Flail             |    98 |   194 |    83 ||   375
  Use: Scroll            |     4 |     4 |     5 ||    13
Armor: Scale mail        |    50 |    10 |       ||    60
       Chain mail        |       |    58 |    36 ||    94
Dodge: Dodged            |    37 |    28 |    15 ||    80
Block: Kite shield       |    65 |   197 |    61 ||   323
       Reflection        |       |     7 |     2 ||     9

Table legend: (Time is in decaauts)
 A = Elapsed time spent in this place.
 B = Non-inter-level travel time spent in this place.
 C = Inter-level travel time spent in this place.
 D = Time resting spent in this place.
 E = Time spent auto-exploring this place.
 F = Levels seen in this place.
 G = Mean time per level.
                   A        B        C        D        E       F      G
               +--------+--------+--------+--------+--------+-----+--------+
         Total |   2737 |   2628 |    109 |    156 |   1715 |   4 |  684.2 |
       Dungeon |   2737 |   2628 |    109 |    156 |   1715 |   4 |  684.2 |
               +--------+--------+--------+--------+--------+-----+--------+

Top non-repeatable levels by time:
     D:3: 958 daAuts
     D:4: 749 daAuts
     D:1: 598 daAuts
     D:2: 432 daAuts
